 Dungeon Crawl Stone Soup version 0.28-b1-25-g9875b3fc8c (webtiles) character file.

Game seed: 11968966888221276127

1860 rocky1 the Cleaver (level 8, -17/63 HPs)
             Began as a Minotaur Gladiator on Feb 3, 2022.
             Was a Believer of Okawaru.
             Demolished by a gnoll (18 damage)
             ... on level 7 of the Dungeon.
             The game lasted 00:14:22 (6308 turns).

rocky1 the Cleaver (Minotaur Gladiator)             Turns: 6308, Time: 00:14:22

Health: -17/63     AC: 12    Str: 26 (27) XL:     8   Next: 89%
Magic:  7/7        EV:  9    Int:  5      God:    Okawaru [**....]
Gold:   397        SH:  0    Dex: 11 (12) Spells: 7/7 levels left

rFire   . . .      SeeInvis .   a - +0 war axe
rCold   . . .      Faith    .   (no shield)
rNeg    . . .      Spirit   .   n - +0 chain mail
rPois   +          Reflect  .   c - +0 hat
rElec   .          Harm     .   (no cloak)
rCorr   .          Rampage  .   F - +0 pair of gloves
Will    .....                   (no boots)
Stlth   ..........              (no amulet)
HPRegen 0.20/turn               l - +6 ring of strength
MPRegen 0.10/turn               E - ring of poison resistance

@: no status effects
A: horns 2, retaliatory headbutt
a: Renounce Religion, Heroism


You were on level 7 of the Dungeon.
You worshipped Okawaru.
Okawaru was pleased with you.
You visited 2 branches of the dungeon, and saw 8 of its levels.

You collected 397 gold pieces.

Inventory:

Hand Weapons
 a - a +0 war axe (weapon)
 w - a +2 whip of electrocution
 y - a +0 morningstar
 z - a +0 whip of flaming
 C - the +6 whip "Dim Vilo" {pain, Fragile rC+ Dex+2 SInv}
   (You found it on level 5 of the Dungeon)

   In the hands of one skilled in necromantic magic, it inflicts extra damage on
   living creatures.
   Dex:       It affects your dexterity (+2).
   rC:        It protects you from cold.
   SInv:      It lets you see invisible.
   Fragile:   It will be destroyed if unequipped.
 D - a +0 hand crossbow
Missiles
 d - 3 throwing nets
 i - 6 poisoned darts (quivered)
 o - 4 boomerangs
Armour
 c - a +0 hat (worn)
 j - a +0 buckler
 n - a +0 chain mail (worn)
 F - a +0 pair of gloves (worn)
Jewellery
 l - a +6 ring of strength (left hand)
 A - a ring of protection from fire
 B - a ring of see invisible
 E - a ring of poison resistance (right hand)
Wands
 b - a wand of acid (7)
 u - a wand of mindburst (16)
 x - a wand of paralysis (15)
Scrolls
 f - 2 scrolls of noise {unknown}
 k - 3 scrolls of teleportation
 p - a scroll of blinking {unknown}
 s - a scroll of immolation {unknown}
 t - a scroll of enchant armour {unknown}
 v - a scroll of silence {unknown}
 H - a scroll of fear {unknown}
Potions
 e - a potion of heal wounds
 g - a potion of flight
 m - a potion of brilliance
 q - a potion of degeneration
 r - a potion of might
 G - a potion of attraction
 I - a potion of magic


   Skills:
 - Level 3.0 Fighting
 + Level 11.5 Axes
 - Level 2.0 Throwing
 - Level 8.0 Armour
 - Level 3.2 Dodging


You had 7 spell levels left.
You didn't know any spells.
Your spell library contained the following spells:

 Spells                   Type           Power      Damage    Failure   Level
 Pain                     Necr           0%         1d4       95%         1
 Anguish                  Hex/Necr       0%         N/A       100%        4
 Agony                    Necr           0%         N/A       100%        5
 Excruciating Wounds      Necr           0%         N/A       100%        5
 Enfeeble                 Hex            0%         N/A       100%        7
 Summon Small Mammal      Summ           Unusable   N/A       N/A         1
 Call Canine Familiar     Summ           Unusable   N/A       N/A         3
 Summon Guardian Golem    Hex/Summ       Unusable   N/A       N/A         3
 Tukima's Dance           Hex            Unusable   N/A       N/A         3

Dungeon Overview and Level Annotations

Branches:
Dungeon (7/15)             Temple (1/1) D:4

Altars:
Ashenzari
Cheibriados
Dithmenos
Elyvilon
Gozag
Kikubaaqudgha
Makhleb
Nemelex Xobeh
Okawaru
Qazlal
Ru
Sif Muna
Trog
Vehumet
Wu Jian
Xom
Zin
The Shining One

Shops:
D:5 (


Innate Abilities, Weirdness & Mutations

You have a pair of horns on your head.
You reflexively headbutt those who attack you in melee.


Message History

The gnoll shaman is severely wounded.
The gnoll shaman barely misses you.
You slash the gnoll shaman!
You kill the gnoll shaman!
Okawaru accepts your kill.
No target in view!
Things that are here:
a +0 whip; a +0 leather armour; a +0 spear A gnoll comes into view.
It is wielding a +0 whip.
A gnoll comes into view. It is wielding a +0 whip.
The gnoll shouts! x2
The gnoll hits you but does no damage.
A gnoll comes into view.
It is wielding a +2 spear of distortion.
You slash the gnoll!
The gnoll is severely wounded.
The gnoll barely misses you. The gnoll hits you but does no damage.
Space warps horribly around you!
You hit the gnoll.
The gnoll is severely wounded.
The gnoll hits you with a +0 whip.
You slash the gnoll!
You kill the gnoll!
Okawaru accepts your kill.
The gnoll hits you from afar with a +2 spear of distortion.
Space warps horribly around you!
A water moccasin skeleton comes into view.
The gnoll hits you but does no damage. Space warps horribly around you!
Things that are here:
a +0 whip; a throwing net; a gnoll corpse You are too injured to fight recklessly!
You are too injured to fight recklessly!
You are too injured to fight recklessly!
You are too injured to fight recklessly!
You closely miss the gnoll. Your headbutt misses the gnoll.
The gnoll hits you with a +2 spear of distortion.
Space warps horribly around you!!
* * * LOW HITPOINT WARNING * * *
You closely miss the gnoll. Your headbutt misses the gnoll.
The gnoll hits you but does no damage. Space warps horribly around you!!
You die...

#.# #.......#
#.#####.......#
#.$...<.........
#.############...
#.# ... #)# [. #
#.#
#####.##.#####
....Zgg@.....+
......##=#####
.###. #.# # #.#
#.# ... #.# .#


You could see 2 gnolls and a water moccasin skeleton.

Vanquished Creatures
  Pikel (D:6)
  Sigmund (D:6)
  Edmund (D:6)
  2 black bears (D:4)
  A necrophage (D:5)
  An ogre (D:5)
  A phantom (D:5)
  A lemure (D:6)
  A scorpion (D:4)
  A wyvern skeleton (D:5)
  A water moccasin skeleton (D:5)
  A howler monkey (D:6)
  A hound (D:4)
  A jelly (D:5)
  A bullfrog skeleton (D:3)
  2 gnoll shamans
  5 iguanas
  2 orc wizards (D:5)
  A mummy (D:4)
  5 gnolls
  5 adders
  An ufetubus (D:7)
  2 worms (D:2)
  2 dart slugs (D:2)
  16 orcs
  8 ball pythons
  7 endoplasms
  A giant cockroach (D:1)
  6 goblins
  3 hobgoblins
  4 jackals
  4 quokkas
  9 bats
  A frilled lizard (D:1)
  7 kobolds
  4 kobold zombies (D:4)
  5 rats
116 creatures vanquished.

Notes
Turn   | Place    | Note
-------+----------+-------------------------------------------
     0 | D:1      | rocky1 the Minotaur Gladiator began the quest for the Orb.
     0 | D:1      | Reached XP level 1. HP: 18/18 MP: 0/0
    99 | D:1      | Reached skill level 4 in Axes
   229 | D:1      | Reached XP level 2. HP: 25/25 MP: 1/1
   777 | D:2      | Found a faded altar of an unknown god.
   787 | D:2      | Reached skill level 5 in Axes
   850 | D:2      | Reached XP level 3. HP: 30/30 MP: 2/2
   964 | D:2      | Reached skill level 6 in Axes
   964 | D:2      | Reached XP level 4. HP: 12/37 MP: 3/3
  2029 | D:3      | Reached skill level 1 in Armour
  2366 | D:4      | Reached XP level 5. HP: 32/45 MP: 4/4
  2999 | D:4      | Found a radiant altar of Vehumet.
  3167 | D:4      | Reached skill level 7 in Axes
  3167 | D:4      | Reached XP level 6. HP: 38/51 MP: 5/5
  3542 | D:4      | Found a staircase to the Ecumenical Temple.
  3561 | Temple   | Entered the Ecumenical Temple
  3680 | Temple   | Became a worshipper of Warmaster Okawaru
  3990 | D:4      | Reached skill level 8 in Axes
  3990 | D:4      | Reached XP level 7. HP: 45/57 MP: 6/6
  4134 | D:5      | Entered Level 5 of the Dungeon
  4142 | D:5      | Reached skill level 5 in Armour
  4423 | D:5      | Identified the +6 whip "Dim Vilo" {pain, Fragile rC+ Dex+2
                  | SInv}
  4520 | D:5      | Reached * piety under Okawaru
  4521 | D:5      | Reached skill level 9 in Axes
  4753 | D:5      | Found Tirr's Weapon Shop.
  4880 | D:6      | Noticed Pikel
  4881 | D:6      | Noticed Sigmund
  4941 | D:6      | Killed Pikel
  4941 | D:6      | Reached ** piety under Okawaru
  4942 | D:6      | Reached skill level 10 in Axes
  4942 | D:6      | Reached XP level 8. HP: 30/63 MP: 7/7
  5144 | D:6      | Killed Sigmund
  5485 | D:6      | Noticed Edmund
  5504 | D:6      | Killed Edmund
  5505 | D:6      | Reached skill level 11 in Axes
  5912 | D:6      | Found a white marble altar of Elyvilon.
  5931 | D:6      | Found a glowing golden altar of the Shining One.
  5932 | D:6      | Found a glowing silver altar of Zin.
  6307 | D:7      | HP: 1/63 [gnoll (21)]
  6308 | D:7      | Demolished by a gnoll

Illustrated notes

Levels and vault maps discovered:
D:1:      dpeg_arrival_radiant, layout_rooms
D:2:      layout_rooms, hellmonk_ecumenical_altar_run_dry, minmay_diced_spiral
D:3:      layout_basic, st_stairs_2, dk_noncrumbling_4
D:4:      layout_loops_corners, mainiacjoe_overflow_alcove_4,
          minmay_temple_entry_large_hall, minmay_mini_ossuary
D:5:      layout_rooms, nicolae_stop_n_shop_2
D:6:      layout_basic, good_gods_temple_1, uniq_pikel, uniq_edmund,
          uniq_sigmund
D:7:      layout_basic, nrook_loot_triangle, minmay_strange_pillars,
          uniq_duvessa
Temple:   minmay_temple_curvy_branch

Skill      XL: |  1  2  3  4  5  6  7  8 |
---------------+-------------------------+-----
Axes           | 4 5 6 7 8 10 11 | 11.5
Armour         | 1 3 4 7 8 |  8.0
Fighting       | 3 |  3.0
Throwing       | |  2.0
Dodging        | |  3.2

Action                   |  1- 3 |  4- 6 |  7- 9 || total
-------------------------+-------+-------+-------++-------
Melee: War axe           |    69 |   104 |   138 ||   311
       Headbutt          |     3 |    15 |    23 ||    41
       Punch             |     1 |       |     2 ||     3
Throw: Dart              |       |     3 |     1 ||     4
  Use: Potion            |       |       |     4 ||     4
       Scroll            |       |       |     5 ||     5
Armor: Leather armour    |    10 |       |       ||    10
       Ring mail         |     8 |     1 |       ||     9
       Chain mail        |       |    46 |    51 ||    97
Dodge: Dodged            |    58 |    45 |    50 ||   153
